 Dungeon Crawl Stone Soup version 0.20-a0-641-g673355a (webtiles) character file.

76 shpingle the Poker (level 4, -4/39 HPs)
             Began as a Naga Warper on Feb 13, 2017.
             Slain by an orc
             ... wielding a +0 flail
              (5 damage)
             ... on level 1 of the Dungeon.
             The game lasted 00:10:11 (4082 turns).

shpingle the Poker (Naga Warper)                    Turns: 4082, Time: 00:10:12

Health: -4/39      AC:  3    Str: 14    XL:     4   Next: 32%
Magic:  7/7        EV:  9    Int: 14    God:
Gold:   24         SH:  0    Dex: 10    Spells: 7/7 levels left

rFire    . . .     SeeInvis +   a - +0 spear
rCold    . . .     Gourm    .   b - +0 leather armour
rNeg     . . .     Faith    .   (no shield)
rPois    +         Spirit   .   (no helmet)
rElec    .         Reflect  .   (no cloak)
rCorr    .         Harm     .   q - +0 pair of gloves
MR       .....                  (no barding)
Stlth    +++.......             (no amulet)
Regen    0.2/turn               (no ring)
MPRegen  0.1/turn               k - ring of stealth

@: short of breath, very slightly contaminated, very slow
A: see invisible, deformed body, poison resistance, slowness 2, slow metabolism
1, spit poison 1, AC +1
a: Spit Poison


You were on level 1 of the Dungeon.
You were very hungry.

You visited 1 branch of the dungeon, and saw 1 of its levels.

You collected 24 gold pieces.

Inventory:

Hand Weapons
 a - a +0 spear (weapon)
Missiles
 e - 5 tomahawks of dispersal
 j - 26 stones (quivered)
Armour
 b - a +0 leather armour (worn)
 q - a +0 pair of gloves (worn)
Jewellery
 k - a ring of stealth (left hand)
Scrolls
 d - a scroll of blinking
 h - a scroll of magic mapping {unknown}
 l - a scroll of teleportation {unknown}
 m - a scroll of identify {unknown}
 p - 2 scrolls of remove curse {unknown}
Books
 c - a book of Spatial Translocations

   Spells                             Type                      Level
   a - Blink                          Translocation                2
   b - Shroud of Golubria             Charms/Translocation         2
   c - Lesser Beckoning               Translocation                3
   d - Portal Projectile              Translocation                3
   e - Teleport Other                 Translocation                3
   f - Passage of Golubria            Translocation                4
Comestibles
 f - 2 bread rations


   Skills:
 - Level 2.0 Fighting
 * Level 3.9 Polearms
 - Level 0.8 Throwing
 - Level 0.7 Armour
 - Level 1.5 Dodging
 + Level 2.9 Stealth
 - Level 2.0 Spellcasting
   Level 3.0 Translocations


You had 7 spell levels left.
You didn't know any spells.

Dungeon Overview and Level Annotations

Branches:
Dungeon (1/15)

Altars:


Innate Abilities, Weirdness & Mutations

You cannot wear boots.
Your serpentine skin is tough. (AC +1)
You have supernaturally acute eyesight. (SInv)
Armour fits poorly on your strangely shaped body.
Your system is resistant to poisons. (rPois)
You cover ground very slowly.
You have a slow metabolism.
You can spit poison.


Message History

The orc wizard is severely wounded.
You feel slightly more hungry.
The orc wizard mumbles some strange words.
The orc wizard blinks!
The orc hits you but does no damage.
You barely miss the orc wizard.
The orc wizard is severely wounded.
The orc wizard closely misses you. The orc wizard barely misses you.
You hit the orc wizard.
The orc wizard is almost dead.
The orc closely misses you.
The orc wizard gestures at you while chanting.
The magic dart hits you!
* * * LOW HITPOINT WARNING * * *
You hit the orc wizard but do no damage.
The orc wizard is almost dead.
You kill the orc wizard!
You have reached level 4!
You feel stronger. The orc hits you with a flail.
You die... ███ ███ █████

█.████.█████.█.███████
█...o@.......█........
█.████↑......█.███████
█.█ █████████...█████
█.█ ██████..██........
█.███........█...████.
█.██........<█.███..'.
█o██..████..██.█ █.██.
███.██..████████.█ █.█..
█...██.......███.███.█..


You could see an orc.

Vanquished Creatures
  An orc wizard (D:1)
  3 leopard geckos (D:1)
  8 bats (D:1)
  A giant cockroach (D:1)
  5 goblins (D:1)
  6 hobgoblins (D:1)
  4 jackals (D:1)
  A ball python (D:1)
  3 frilled lizards (D:1)
  6 kobolds (D:1)
  4 rats (D:1)
42 creatures vanquished.

Notes
Turn   | Place    | Note
-------+----------+-------------------------------------------
     0 | D:1      | shpingle the Naga Warper began the quest for the Orb.
     0 | D:1      | Reached XP level 1. HP: 19/19 MP: 3/3
   473 | D:1      | Reached XP level 2. HP: 26/26 MP: 5/5
  1016 | D:1      | Reached skill level 3 in Polearms
  1162 | D:1      | Reached XP level 3. HP: 32/32 MP: 6/6
  4051 | D:1      | HP: 1/32 [orc/flail (6)]
  4081 | D:1      | HP: 1/32 [orc wizard/magic dart (3)]
  4082 | D:1      | Reached XP level 4. HP: 1/39 MP: 7/7
  4082 | D:1      | Slain by an orc

Vault maps used:
D:1:      minmay_arrival_wavy_path

Skill      XL: |  1  2  3 |
---------------+----------+-----
Stealth        | 1 2 |  2.9
Polearms       | 3 |  3.9
Fighting       | |  2.0
Throwing       | |  0.8
Armour         | |  0.7
Dodging        | |  1.5
Spellcasting   | |  2.0
Translocations | |  3.0

Action                   |  1- 3 |  4- 6 || total
-------------------------+-------+-------++-------
Melee: Spear             |   109 |       ||   109
Throw: Stone             |     5 |       ||     5
 Abil: Spit Poison       |    30 |       ||    30
  Use: Potion            |     2 |       ||     2
 Stab: Sleeping          |     1 |       ||     1
       Distracted        |     1 |       ||     1
  Eat: Chunk             |     8 |       ||     8
Armor: Leather armour    |    25 |       ||    25
Dodge: Dodged            |    43 |       ||    43
